 Dungeon Crawl Stone Soup version 0.21.1-1-g345015f (webtiles) character file.

32 inc the Shield-Bearer (level 3, 1/26 HPs)
             Began as an Octopode Fighter on Apr 23, 2018.
             Quit the game on level 2 of the Dungeon.
             The game lasted 00:01:36 (863 turns).

inc the Shield-Bearer (Octopode Fighter)             Turns: 863, Time: 00:01:37

Health: 1/26       AC:  1    Str: 15    XL:     3   Next: 27%
Magic:  3/3        EV: 12    Int: 11    God:
Gold:   48         SH:  9    Dex: 11    Spells: 2/2 levels left

rFire    . . .     SeeInvis .   a - +0 flail
rCold    . . .     Gourm    .   b - +0 shield
rNeg     . . .     Faith    .   (helmet restricted)
rPois    .         Spirit   .   (no amulet)
rElec    .         Reflect  .   (no ring)
rCorr    .         Harm     .   (no ring)
MR       .....                  (no ring)
Stlth    ++........             (no ring)
HPRegen  0.08/turn              (no ring)
MPRegen  0.08/turn              (no ring)
                                (no ring)
                                (no ring)

@: lethally poisoned (1 -> -10)
A: almost no armour, stealthy swim, amphibious, 8 rings, constrict 8, camouflage
1, gelatinous body 1
a: no special abilities


You were on level 2 of the Dungeon.
You were not hungry.

You visited 1 branch of the dungeon, and saw 2 of its levels.

You collected 48 gold pieces.

Inventory:

Hand Weapons
 a - a +0 flail (weapon)
Armour
 b - a +0 shield (worn)
Scrolls
 e - a scroll of magic mapping {unknown}
 f - a scroll of teleportation {unknown}
 g - 2 scrolls of remove curse {unknown}
 h - a scroll of amnesia {unknown}
Potions
 c - a potion of might
Comestibles
 d - 2 rations


   Skills:
 - Level 3.0 Fighting
 - Level 2.0 Maces & Flails
 - Level 3.0 Dodging
 + Level 4.3 Shields


You had 2 spell levels left.
You didn't know any spells.

Dungeon Overview and Level Annotations

Branches:
Dungeon (2/15)

Altars:


Innate Abilities, Weirdness & Mutations

You cannot wear most types of armour.
You are very stealthy in the water. (Stealth+)
You are amphibious.
You can wear up to eight rings at the same time.
You can use your tentacles to constrict eight enemies at once.
Your skin changes colour to match your surroundings (Stealth+).
Your rubbery body absorbs attacks. (AC +1, EV +1)


Message History

You feel sick. You block the adder's attack. The adder barely misses you.
The adder closely misses you. The adder bites you but does no damage.
The adder misses you.
You closely miss the adder. Your grab misses the adder.
The adder is moderately wounded.
You feel sick. The adder bites you but does no damage. The adder bites you.
You block the adder's attack. The adder bites you.
* * * LOW HITPOINT WARNING * * *
The adder bites you.
* * * LOW HITPOINT WARNING * * *
You are more poisoned.
The adder poisons you!
A bat comes into view.
* * * LOW HITPOINT WARNING * * *
You feel sick. The adder closely misses you.
* * * LOW HITPOINT WARNING * * *
You feel sick. The adder misses you.
* * * LOW HITPOINT WARNING * * *
You feel sick.
Are you sure you want to abandon this character and quit the game? (Confirm with "yes".)

......... ##...#......
........#######....#......
.....?.............#......
.............##..†......#
......).......#......)..+
..............#.........#
........SS..............##
..b.....#S................
........#@...............#
....#####.................
.... #.................
... #.................. ..
#..........#######.
#..........#.......
#.........>#.......
#..........#.......
#......#+#.#.......


You could see 3 adders.

Vanquished Creatures
  3 bats
  6 goblins
  4 hobgoblins (D:1)
  2 jackals (D:1)
  5 kobolds (D:1)
  2 quokkas (D:2)
  2 frilled lizards (D:1)
  5 rats (D:1)
29 creatures vanquished.

Notes
Turn   | Place    | Note
-------+----------+-------------------------------------------
     0 | D:1      | inc the Octopode Fighter began the quest for the Orb.
     0 | D:1      | Reached XP level 1. HP: 16/16 MP: 1/1
   168 | D:1      | Reached XP level 2. HP: 20/21 MP: 2/2
   419 | D:1      | Reached skill level 4 in Shields
   534 | D:1      | Reached XP level 3. HP: 26/26 MP: 3/3
   861 | D:2      | HP: 1/26 [poisoned by an adder]
   863 | D:2      | Quit the game

Skill      XL: |  1  2 |
---------------+-------+-----
Shields        | 4 |  4.3
Fighting       | |  3.0
Maces & Flails | |  2.0
Dodging        | |  3.0

Action                   || total
-------------------------++-------
Melee: Flail             ||    59
       Tentacles         ||     8
       Constrict         ||    12
 Stab: Sleeping          ||     8
Armor: Skin              ||     6
Dodge: Dodged            ||    31
Block: Shield            ||    25
